[Event "Titled Tuesday Blitz February 07 Early 2023"]
[White "Cepo, Toni"]
[Black "Tan, Jun Ying"]
[WhiteFideId "4675916"]
[BlackFideId "5710413"]
[WhiteElo "2145"]
[BlackElo "2307"]
[Result "0-1"]
[Round "06"]
[TimeControl "180+2"]
[Date "2023.02.07"]
[WhiteClock "0:00:24"]
[BlackClock "0:00:48"]

1. e4 c5 2. Nf3 Nc6 3. Bb5 d6 4. O-O Bd7 5. d4 cxd4 6. Nxd4 Nf6 7. Re1 g6 8. c3 Bg7 9. Bg5 O-O 10. Bxc6 bxc6 11. Nd2 Qc7 12. N4b3 a5 13. Be3 a4 14. Nd4 c5 15. Nc2 Bc6 16. f3 Rab8 17. b3 Nd7 18. Nb1 axb3 19. axb3 Rxb3 20. Nb4 Rxb1 21. Qxb1 cxb4 22. Qxb4 Rb8 23. Qa3 Ne5 24. Bd4 h5 25. Reb1 Rxb1+ 26. Rxb1 Qd7 27. Qa5 Kh7 28. Rb8 h4 29. Qb6 h3 30. Rd8 Qe6 31. Bxe5 Qxe5 32. Qxc6 Qg5 33. g4 Qe3+ 34. Kf1 Qxf3+ 35. Ke1 Bxc3+ 0-1


[Site "https://www.chess.com"]

[Event "Titled Tuesday Blitz February 07 Early 2023"]
[White "Larina, Maria"]
[Black "Ingebretsen, Jens E"]
[WhiteFideId "24113182"]
[BlackFideId "1522965"]
[WhiteElo "1948"]
[BlackElo "2342"]
[Result "0-1"]
[Round "06"]
[TimeControl "180+2"]
[Date "2023.02.07"]
[WhiteClock "0:00:01"]
[BlackClock "0:01:09"]

1. e4 e5 2. Nf3 Nc6 3. Nc3 Nf6 4. Bb5 Nd4 5. Bc4 c6 6. Nxd4 exd4 7. e5 dxc3 8. exf6 cxd2+ 9. Bxd2 Qxf6 10. O-O d5 11. Bc3 Qh6 12. Re1+ Be6 13. Bd3 Bd6 14. g3 O-O 15. Qf3 Rae8 16. b3 Qh3 17. Bf1 Qf5 18. Qxf5 Bxf5 19. Bd3 Bxd3 20. cxd3 f6 21. Kf1 Kf7 22. a3 h5 23. h4 g5 24. hxg5 fxg5 25. Kg2 g4 26. Bd4 c5 27. Be3 d4 28. Bd2 Rxe1 29. Rxe1 Re8 30. Rxe8 Kxe8 31. f3 Kf7 32. fxg4 hxg4 33. Kf2 Ke6 34. Bg5 Kd5 35. Bh4 b5 36. Ke2 c4 37. bxc4+ bxc4 38. dxc4+ Kxc4 39. a4 d3+ 40. Kd1 Bb4 41. Bf6 a5 42. Be5 Kb3 43. Bf4 Kxa4 44. Bc1 Kb3 45. Be3 a4 46. Bd4 a3 47. Ba1 a2 48. Bd4 Bc3 49. Bxc3 Kxc3 0-1


[Site "https://www.chess.com"]

[Event "Titled Tuesday Blitz February 07 Early 2023"]
[White "Matinian, Nikita"]
[Black "Omelja, Artem"]
[WhiteFideId "24129100"]
[BlackFideId "14119846"]
[WhiteElo "2407"]
[BlackElo "2446"]
[Result "1-0"]
[Round "06"]
[TimeControl "180+2"]
[Date "2023.02.07"]
[WhiteClock "0:00:22"]
[BlackClock "0:00:02"]

1. e4 c5 2. Nf3 Nc6 3. Bb5 e6 4. O-O Nge7 5. d4 cxd4 6. Nxd4 Qb6 7. Bxc6 Nxc6 8. Nxc6 dxc6 9. Nd2 Be7 10. Nc4 Qc7 11. a4 O-O 12. a5 Bd7 13. b3 c5 14. Bb2 Bb5 15. Qg4 g6 16. Qf3 Bxc4 17. Qc3 f6 18. Qxc4 Qc6 19. f4 Kg7 20. f5 e5 21. Rad1 Rad8 22. g4 b5 23. axb6 axb6 24. Kg2 b5 25. Qe2 c4 26. bxc4 Qxc4 27. Qxc4 bxc4 28. Bc3 gxf5 29. exf5 h5 30. h3 hxg4 31. hxg4 Kf7 32. Rxd8 Rxd8 33. Rh1 Kg7 34. Ra1 Rd7 35. Ra6 Kf7 36. Rc6 Ra7 37. Rxc4 Ra2 38. Be1 Ke8 39. Kf3 Kd7 40. Ke4 Ra1 41. Bf2 Rf1 42. Be3 Rd1 43. Ra4 Ke8 44. Ra8+ Kf7 45. Ra7 Ke8 46. c4 Rb1 47. Kd5 Rb3 48. Ke6 Rxe3 49. Rxe7+ Kd8 50. Kxf6 Re4 51. g5 Rxc4 52. Rxe5 1-0


[Site "https://www.chess.com"]

[Event "Titled Tuesday Blitz February 07 Early 2023"]
[White "Csonka, Balazs"]
[Black "Seletsky, Grigory"]
[WhiteFideId "742910"]
[BlackFideId "14112191"]
[WhiteElo "2496"]
[BlackElo "2259"]
[Result "1-0"]
[Round "06"]
[TimeControl "180+2"]
[Date "2023.02.07"]
[WhiteClock "0:00:11"]
[BlackClock "0:00:06"]

1. c4 c5 2. Nf3 Nc6 3. Nc3 Nf6 4. e3 d5 5. cxd5 Nxd5 6. Bb5 Nxc3 7. bxc3 Qc7 8. O-O e6 9. d4 Be7 10. e4 O-O 11. Be3 Rd8 12. Rc1 Qa5 13. Qa4 Qxa4 14. Bxa4 Bd7 15. Rfd1 Na5 16. Bxd7 Rxd7 17. Ne5 Rc7 18. Rb1 f6 19. Nd3 cxd4 20. cxd4 b6 21. Nf4 Kf7 22. d5 exd5 23. Nxd5 Rc2 24. Rbc1 Rac8 25. Kf1 Ba3 26. Rxc2 Rxc2 27. Rd2 Rxd2 28. Bxd2 Nc4 29. Bf4 Bd6 30. Bc1 Ke6 31. h3 b5 32. g4 Ke5 33. f3 Kd4 34. Ke2 a5 35. Bd2 b4 36. Be1 Na3 37. Bf2+ Kc4 38. Kd2 a4 39. Ne3+ Kb5 40. Nf5 Nc4+ 41. Kd3 Bf8 42. Kc2 g6 43. Nd4+ Ka6 44. Ne6 Be7 45. Nc7+ Ka5 46. Nd5 Bd8 47. Be1 Ne5 48. Bxb4+ Kb5 49. f4 Nf3 50. Bc3 Ng1 51. Bxf6 Bxf6 52. Nxf6 Nxh3 53. f5 Nf2 54. Nxh7 Nxg4 55. fxg6 Nh6 56. g7 Ng8 57. e5 Kc6 58. Nf6 Ne7 59. g8=Q Nxg8 60. Nxg8 Kd5 61. Kc3 Kxe5 62. Kb4 Kd6 63. Kxa4 Kc6 64. Kb4 Kb6 65. a4 Ka6 66. a5 Kb7 67. Kb5 Ka7 68. Nf6 Kb7 69. Ne4 Ka7 70. Nc5 Kb8 71. Kb6 Ka8 72. Ne6 Kb8 73. a6 Kc8 74. a7 Kd7 75. Nc5+ 1-0


[Site "https://www.chess.com"]

[Event "Titled Tuesday Blitz February 07 Early 2023"]
[White "Papasimakopoulos, Alexandros"]
[Black "Vivas Zamora, Fabian Ernesto"]
[WhiteFideId "4244125"]
[BlackFideId "3902480"]
[WhiteElo "2401"]
[BlackElo "2346"]
[Result "1-0"]
[Round "06"]
[TimeControl "180+2"]
[Date "2023.02.07"]
[WhiteClock "0:00:42"]
[BlackClock "0:00:01"]

1. d4 Nf6 2. c4 g6 3. Nc3 d5 4. Nf3 Bg7 5. Qb3 dxc4 6. Qxc4 O-O 7. e4 a6 8. Be2 b5 9. Qb3 c5 10. dxc5 Bb7 11. e5 Ng4 12. Bf4 Nd7 13. Rd1 Qc8 14. Nd5 Bxd5 15. Qxd5 Qxc5 16. O-O Qxd5 17. Rxd5 Nb6 18. Rd2 Rfd8 19. Rfd1 Rxd2 20. Rxd2 Bh6 21. Bxh6 Nxh6 22. Rc2 Rc8 23. Rxc8+ Nxc8 24. Nd4 Nf5 25. Nxf5 gxf5 26. f4 e6 27. Kf2 Kf8 28. Ke3 Ke7 29. Kd4 Nb6 30. b3 Nd7 31. a4 bxa4 32. bxa4 a5 33. Kc4 f6 34. exf6+ Nxf6 35. Bf3 Kd6 36. Kb5 e5 37. fxe5+ Kxe5 38. Kxa5 Ne4 39. Kb6 1-0


[Site "https://www.chess.com"]

[Event "Titled Tuesday Blitz February 07 Early 2023"]
[White "Slade, Theodore"]
[Black "Skliarov, Viktor"]
[WhiteFideId "426547"]
[BlackFideId "14106736"]
[WhiteElo "1995"]
[BlackElo "2383"]
[Result "1-0"]
[Round "06"]
[TimeControl "180+2"]
[Date "2023.02.07"]
[WhiteClock "0:00:09"]
[BlackClock "0:00:03"]

1. d4 Nf6 2. c4 e6 3. g3 c5 4. d5 exd5 5. cxd5 d6 6. Nc3 g6 7. Bg2 Bg7 8. Nf3 O-O 9. O-O Re8 10. Bf4 a6 11. a4 Ne4 12. Nxe4 Rxe4 13. Nd2 Rb4 14. Rb1 Bxb2 15. Qc2 Bf6 16. Rxb4 cxb4 17. Bxd6 Bf5 18. e4 Qxd6 19. exf5 Nd7 20. Ne4 Qb6 21. Nxf6+ Nxf6 22. fxg6 hxg6 23. Rd1 Rd8 24. Bf3 a5 25. Kg2 Kg7 26. h4 Rd6 27. Qb2 Kh7 28. Qe5 Qc5 29. h5 gxh5 30. Bxh5 Nxh5 31. Qxh5+ Kg7 32. Qe5+ Kg8 33. Qe8+ Kg7 34. Qe5+ Kg8 35. Rd4 b3 36. Qe8+ Kg7 37. Qe5+ Kg8 38. Rg4+ Rg6 39. Rh4 Kf8 40. Rh8+ Rg8 41. Qb8+ Ke7 42. Qxb7+ Kf8 43. Qb8+ Ke7 44. Rxg8 Qxd5+ 45. Kh2 Qh5+ 46. Kg1 Qd1+ 47. Kg2 Qd5+ 48. f3 Qd2+ 49. Kh3 Qh6+ 50. Kg4 Qe6+ 51. Kh5 Qh3+ 52. Kg5 f6+ 53. Kf4 Qh6+ 54. Ke4 Qh7+ 55. Kd4 Qc2 56. Qd8+ Ke6 57. Re8+ Kf5 58. Qd7+ Kg5 59. Qg4+ Kh6 60. Rh8+ Qh7 61. Rxh7+ Kxh7 62. Qf5+ 1-0


[Site "https://www.chess.com"]

[Event "Titled Tuesday Blitz February 07 Early 2023"]
[White "Malka, Samuel"]
[Black "Skvortsov, Andrei"]
[WhiteFideId "20643675"]
[BlackFideId "24108600"]
[WhiteElo "2165"]
[BlackElo "2313"]
[Result "0-1"]
[Round "06"]
[TimeControl "180+2"]
[Date "2023.02.07"]
[WhiteClock "0:00:22"]
[BlackClock "0:00:58"]

1. d4 Nf6 2. c4 c5 3. d5 b5 4. Qc2 g6 5. e4 bxc4 6. Bxc4 d6 7. Nc3 Bg7 8. Nf3 O-O 9. O-O Ba6 10. Nb5 Qb6 11. a4 Bc8 12. Bd2 a6 13. Na3 Bg4 14. Ne1 Nxe4 15. Qxe4 Bf5 16. Qe2 Qxb2 17. Ra2 Qb7 18. Nd3 Re8 19. Rb1 Qc7 20. a5 Nd7 21. Rb3 Bxd3 22. Qxd3 Ne5 23. Qe2 Rab8 24. Rab2 Nxc4 25. Rxb8 Rxb8 26. Rxb8+ Qxb8 27. Nxc4 Qb1+ 28. Qf1 Qa2 29. Bg5 f6 30. Be3 Kf7 31. h3 f5 32. Bg5 Bd4 33. Bh4 h6 34. Bg3 g5 35. h4 f4 36. Bh2 Bxf2+ 37. Qxf2 Qxc4 38. hxg5 hxg5 39. Qd2 Kf6 40. Qb2+ Qd4+ 41. Qxd4+ cxd4 42. Kf2 Kf5 43. g3 Ke4 44. gxf4 gxf4 45. Ke2 f3+ 46. Kf2 d3 47. Ke1 Kxd5 48. Bg3 e5 49. Bf2 Kc4 50. Kd2 e4 51. Be3 d5 52. Bb6 d4 53. Bc7 e3+ 54. Kd1 f2 0-1


[Site "https://www.chess.com"]

[Event "Titled Tuesday Blitz February 07 Early 2023"]
[White "Bulmaga, Irina"]
[Black "Shuvalov, Evgenij"]
[WhiteFideId "13903063"]
[BlackFideId "4187237"]
[WhiteElo "2422"]
[BlackElo "2038"]
[Result "1-0"]
[Round "06"]
[TimeControl "180+2"]
[Date "2023.02.07"]
[WhiteClock "0:00:03"]
[BlackClock "0:00:15"]

1. e4 e6 2. d3 d5 3. Qe2 Nf6 4. e5 Nfd7 5. f4 c5 6. Nf3 Be7 7. g3 Nc6 8. c3 b5 9. Bh3 g6 10. O-O h5 11. a4 bxa4 12. Rxa4 Nb6 13. Ra1 a5 14. Be3 Ba6 15. Bf2 a4 16. Rd1 Na5 17. Nbd2 Bb5 18. Bf1 Nb3 19. Nxb3 axb3 20. c4 Bc6 21. Rxa8 Qxa8 22. Bg2 d4 23. Ne1 Bxg2 24. Nxg2 Qa2 25. Ne1 O-O 26. h3 Kg7 27. Kg2 Na4 28. Rd2 Nb6 29. g4 hxg4 30. hxg4 Rh8 31. Nf3 Qa8 32. Bg3 Nd7 33. Rd1 Nb8 34. Kf2 Nc6 35. Qe4 Nb4 36. Qe2 Nc2 37. f5 exf5 38. gxf5 gxf5 39. Rg1 Kf8 40. e6 f6 41. Nh4 Ne3 42. Ng6+ Kg7 43. Nxe7 Ng4+ 44. Ke1 Qa1+ 45. Qd1 Qa5+ 46. Qd2 Qa1+ 47. Qd1 Qa5+ 48. Ke2 Ne3 49. Qe1 Qd8 50. Bc7+ Ng4 51. Bxd8 Rh2+ 52. Kd1 1-0


[Site "https://www.chess.com"]

[Event "Titled Tuesday Blitz February 07 Early 2023"]
[White "Toczek, Grzegorz"]
[Black "Parkhov, Yair"]
[WhiteFideId "1106457"]
[BlackFideId "2813408"]
[WhiteElo "2260"]
[BlackElo "2505"]
[Result "1/2-1/2"]
[Round "06"]
[TimeControl "180+2"]
[Date "2023.02.07"]
[WhiteClock "0:01:18"]
[BlackClock "0:01:23"]

1. e4 c5 2. c3 e6 3. d4 d5 4. exd5 exd5 5. Nf3 Nc6 6. Bd3 Bd6 7. dxc5 Bxc5 8. O-O Nf6 9. Re1+ Be6 10. Be3 Bxe3 11. Rxe3 O-O 12. Nbd2 d4 13. cxd4 Nxd4 14. Ne4 Bg4 15. Nxf6+ Qxf6 16. Be2 Rad8 17. Nxd4 Rxd4 18. Qb3 Bxe2 19. Rxe2 Rfd8 20. Rae1 g6 21. Qxb7 Kg7 22. Qxa7 h5 23. h3 Rd2 24. Qe3 Rxb2 25. Rxb2 Qxb2 26. Qe5+ Qxe5 27. Rxe5 Rd1+ 28. Kh2 Rd2 29. Kg3 Rxa2 30. h4 Ra4 31. f3 Kf6 32. Rb5 Ra6 33. Rc5 Rd6 34. Rb5 Ke6 35. Rc5 f6 36. Rb5 Rd4 37. Rb6+ Kf7 38. Rb7+ Kf8 39. Ra7 Rd6 40. Kf4 Kg8 41. g4 Rd4+ 42. Kg3 hxg4 43. fxg4 Rd3+ 44. Kf4 Rh3 45. h5 gxh5 46. gxh5 Rxh5 47. Kg4 Rg5+ 48. Kf4 Kf8 49. Rb7 Re5 50. Ra7 Ke8 51. Rb7 Re7 52. Rxe7+ Kxe7 53. Kf5 Kf7 54. Kf4 Ke6 55. Ke4 Ke7 56. Kf5 Kf7 57. Kf4 Kg6 58. Kg4 f5+ 59. Kf4 Kf6 60. Kf3 Ke5 61. Ke3 Ke6 62. Kf4 Kf6 63. Kf3 Ke5 64. Ke3 f4+ 65. Kf3 Kf5 66. Kf2 Ke4 67. Ke2 Ke5 68. Kf3 Kf5 69. Kf2 Ke4 70. Ke2 f3+ 71. Kf2 Kf4 72. Kf1 Kg4 73. Kf2 Kf4 74. Kf1 Ke3 75. Ke1 Kd3 76. Kf2 Ke4 77. Kf1 Ke3 78. Ke1 f2+ 79. Kf1 Kf3 1/2-1/2


[Site "https://www.chess.com"]

[Event "Titled Tuesday Blitz February 07 Early 2023"]
[White "Kuderinov, Kirill"]
[Black "Mirzanurov, Bulat"]
[WhiteFideId "13701568"]
[BlackFideId "4184521"]
[WhiteElo "2404"]
[BlackElo "2232"]
[Result "1-0"]
[Round "06"]
[TimeControl "180+2"]
[Date "2023.02.07"]
[WhiteClock "0:00:15"]
[BlackClock "0:00:09"]

1. c4 e5 2. Nc3 Nf6 3. g3 Bb4 4. Bg2 O-O 5. d3 Re8 6. e4 c6 7. Ne2 d5 8. O-O dxc4 9. dxc4 Qc7 10. Bg5 Nbd7 11. Qc2 h6 12. Be3 Nb6 13. c5 Nc4 14. Nd1 Nxe3 15. Nxe3 Qe7 16. Rac1 Ba5 17. a3 Bc7 18. b4 a5 19. Rfd1 Be6 20. Nc3 axb4 21. axb4 Ra3 22. Ra1 Rea8 23. Rxa3 Rxa3 24. Qb2 Rb3 25. Qd2 Rxb4 26. Ncd5 cxd5 27. Qxb4 d4 28. Nf5 Bxf5 29. exf5 b6 30. Rc1 bxc5 31. Qxc5 Bd6 32. Qc8+ Kh7 33. Qc4 Qd7 34. Qd3 Bb4 35. h3 Bc3 36. g4 Qe7 37. Rb1 e4 38. Qc4 e3 39. fxe3 Qxe3+ 40. Kh1 Ne4 41. Qxf7 Qf4 42. Qg6+ Kh8 43. Qe8+ Kh7 44. Qxe4 Qg3 45. f6+ Kh8 46. fxg7+ Kxg7 47. Rf1 d3 48. Qe7+ Kg6 49. Qf7+ Kg5 50. Qf5+ Kh4 51. Qh5# 1-0


[Site "https://www.chess.com"]

[Event "Titled Tuesday Blitz February 07 Early 2023"]
[White "Kalogeris, Ioannis"]
[Black "Manukian, Artak"]
[WhiteFideId "4239563"]
[BlackFideId "13301373"]
[WhiteElo "2423"]
[BlackElo "2196"]
[Result "1-0"]
[Round "06"]
[TimeControl "180+2"]
[Date "2023.02.07"]
[WhiteClock "0:00:24"]
[BlackClock "0:01:05"]

1. e4 c6 2. d4 d5 3. e5 Bf5 4. Nf3 e6 5. Be2 c5 6. O-O Nc6 7. c3 Qb6 8. a3 a5 9. a4 c4 10. Na3 Nge7 11. Nb5 Nc8 12. Nh4 Bg6 13. f4 Be7 14. Qe1 Be4 15. g4 N6a7 16. Nxa7 Nxa7 17. f5 O-O-O 18. fxe6 Qxe6 19. Nf5 Bf8 20. Bg5 Rd7 21. Qh4 h6 22. Be3 h5 23. Qg3 Nc6 24. Qf2 g6 25. Ng3 hxg4 26. Nxe4 dxe4 27. Qf6 Bh6 28. Bxh6 Rxh6 29. Qxe6 fxe6 30. Bxg4 g5 31. Rf6 Rxf6 32. exf6 Nd8 33. Re1 Rf7 34. Rxe4 Rxf6 35. Re5 Kd7 36. Rxg5 Nc6 37. h4 Kd6 38. h5 e5 39. Rg6 Rxg6 40. hxg6 exd4 41. g7 Ne7 42. cxd4 Ng8 43. Be2 Kd5 44. Bf3+ Kxd4 45. Bxb7 Ke5 46. Ba6 Kd4 47. Kf2 c3 48. bxc3+ Kxc3 49. Kf3 Kd4 50. Kf4 Kd5 51. Kf5 Kd6 52. Kg6 Ke7 53. Bc4 Nf6 54. g8=Q 1-0


[Site "https://www.chess.com"]

[Event "Titled Tuesday Blitz February 07 Early 2023"]
[White "sabkeIXO"]
[Black "Borgaonkar Akshay"]
[BlackFideId "25639110"]
[WhiteElo "2467"]
[BlackElo "1991"]
[Result "0-1"]
[Round "06"]
[TimeControl "180+2"]
[Date "2023.02.07"]
[WhiteClock "0:00:34"]
[BlackClock "0:00:28"]

1. e4 c5 2. Nc3 e6 3. f4 Nc6 4. Nf3 a6 5. g3 Qc7 6. Bg2 b5 7. d3 Bb7 8. O-O d6 9. f5 b4 10. fxe6 bxc3 11. exf7+ Qxf7 12. Ne5 Qxf1+ 13. Qxf1 Nxe5 14. bxc3 Nf6 15. Rb1 Bc6 16. d4 Ned7 17. e5 Ne4 18. d5 Bb5 19. c4 Nc3 20. Rb3 Nxe5 21. Rxc3 Bd7 22. Bf4 Ng4 23. Qe2+ Kd8 24. Bh3 h5 25. Bg5+ Kc7 26. Rb3 a5 27. Rb1 a4 28. Qd2 Ne5 29. Bxd7 Nf3+ 30. Kg2 Nxd2 31. Bxd2 Kxd7 32. Rb7+ Kc8 33. Rf7 Rb8 34. Ba5 Rb2 0-1


[Site "https://www.chess.com"]

[Event "Titled Tuesday Blitz February 07 Early 2023"]
[White "Przybylski, Wojciech"]
[Black "Mathieu, Phileas"]
[WhiteFideId "1117599"]
[BlackFideId "36048410"]
[WhiteElo "2321"]
[BlackElo "2374"]
[Result "1-0"]
[Round "06"]
[TimeControl "180+2"]
[Date "2023.02.07"]
[WhiteClock "0:00:05"]
[BlackClock "0:00:02"]

1. e4 e5 2. Nf3 Nc6 3. d4 exd4 4. Nxd4 Qf6 5. Be3 Bc5 6. c3 Nge7 7. Bc4 d6 8. O-O Ne5 9. Be2 Qg6 10. Kh1 h5 11. f3 Bd7 12. Nd2 Qh7 13. f4 Ng4 14. Bg1 f5 15. e5 O-O-O 16. e6 Be8 17. N2f3 Ng6 18. Ng5 Qg8 19. b4 Bb6 20. a4 a6 21. Nxf5 Bxg1 22. Kxg1 Qf8 23. Qd3 Ne7 24. Nh4 Qf6 25. Bf3 Kb8 26. b5 a5 27. b6 c5 28. Rab1 Qxf4 29. Bxg4 Qxg4 30. Nhf3 Rf8 31. c4 Rf4 32. Qc3 Nc6 33. Qxg7 Rxc4 34. Qc7+ Ka8 35. Rb5 Rb8 36. e7 Rxa4 37. h3 Qc4 38. Rb2 Nb4 39. Qxd6 Qb5 40. Ne6 Qd7 41. Nc7+ Qxc7 42. bxc7 Rc8 43. Qd8 1-0


[Site "https://www.chess.com"]

[Event "Titled Tuesday Blitz February 07 Early 2023"]
[White "Adla, Diego"]
[Black "Wahedi, Ahmad Siar"]
[WhiteFideId "100072"]
[BlackFideId "4651260"]
[WhiteElo "2383"]
[BlackElo "2274"]
[Result "1-0"]
[Round "06"]
[TimeControl "180+2"]
[Date "2023.02.07"]
[WhiteClock "0:01:53"]
[BlackClock "0:00:29"]

1. Nf3 d5 2. c4 c6 3. cxd5 cxd5 4. d4 Nf6 5. Bf4 Nc6 6. e3 Bf5 7. Nc3 e6 8. Bb5 Nd7 9. Qa4 Qb6 10. Nh4 Bg6 11. Nxg6 hxg6 12. e4 dxe4 13. d5 Nc5 14. dxc6 bxc6 15. Bxc6+ Ke7 16. Qb5 Rc8 17. Qxb6 axb6 18. Bxe4 f5 19. Bc2 Kf6 20. O-O g5 21. Be3 Bd6 22. g3 f4 23. Bd4+ Kf7 24. Ne4 Be7 25. Nxc5 bxc5 26. Bc3 Bf6 27. a4 Bd4 28. a5 Kf6 29. a6 fxg3 30. hxg3 e5 31. a7 c4 32. Bxd4 exd4 33. Be4 1-0


[Site "https://www.chess.com"]

[Event "Titled Tuesday Blitz February 07 Early 2023"]
[White "Song, Julien"]
[Black "Jimenez, Joaquin"]
[WhiteFideId "659487"]
[BlackFideId "109860"]
[WhiteElo "2350"]
[BlackElo "2195"]
[Result "0-1"]
[Round "06"]
[TimeControl "180+2"]
[Date "2023.02.07"]
[WhiteClock "0:00:53"]
[BlackClock "0:00:22"]

1. d4 e6 2. e4 d5 3. Nc3 Bb4 4. e5 c5 5. a3 Bxc3+ 6. bxc3 Ne7 7. Nf3 b6 8. Bb5+ Bd7 9. Bd3 c4 10. Be2 Ba4 11. h4 h6 12. h5 Kd7 13. Be3 Qg8 14. g4 Qh7 15. Ra2 Nbc6 16. Nh4 Raf8 17. f4 Qe4 18. Kd2 f6 19. Bf3 Qh7 20. exf6 gxf6 21. f5 e5 22. Ng6 Nxg6 23. hxg6 Qg7 24. Bxd5 exd4 25. Bxd4 Nxd4 26. cxd4 Kc7 27. Kc3 b5 28. Qf3 Rd8 29. Raa1 Qd7 30. Qf4+ Kb6 31. Be6 Qe7 32. d5 a5 33. Qd4+ Ka6 34. Rhd1 h5 35. d6 Qb7 36. d7 hxg4 37. Qd6+ Ka7 38. Qc5+ Qb6 39. Qxb6+ Kxb6 40. g7 Rh3+ 41. Kb2 c3+ 42. Kc1 Rh2 43. Bb3 Bxb3 44. cxb3 Kc7 45. Rd3 Rh1+ 46. Kc2 Rh2+ 47. Kxc3 Rh7 48. Rc1 Rxg7 49. Kd2+ Kb7 50. Rg1 Rdxd7 51. Rxd7+ Rxd7+ 52. Ke3 Rg7 53. Kf4 Kc6 54. Rxg4 Rxg4+ 55. Kxg4 Kd5 56. Kh5 Ke4 57. Kg6 Ke5 0-1


[Site "https://www.chess.com"]

[Event "Titled Tuesday Blitz February 07 Early 2023"]
[White "Balabayeva, Xeniya"]
[Black "Lamaze, Simon"]
[WhiteFideId "13719688"]
[BlackFideId "36069264"]
[WhiteElo "2191"]
[BlackElo "2363"]
[Result "1-0"]
[Round "06"]
[TimeControl "180+2"]
[Date "2023.02.07"]
[WhiteClock "0:00:43"]
[BlackClock "0:02:00"]

1. e4 f5 2. exf5 d5 3. Qh5+ Kd7 4. d4 Nf6 5. Qd1 c6 6. c3 b6 7. Bf4 Ke8 8. Bd3 c5 9. Nf3 Nc6 10. Ne5 Bd7 11. Nxc6 Bxc6 12. Be5 Qd7 13. Nd2 Bb5 14. Nf3 Bxd3 15. Qxd3 Ne4 16. dxc5 bxc5 17. O-O-O Rd8 18. Bg3 Qxf5 19. Ne5 c4 20. Qc2 e6 21. Qa4+ Ke7 22. Qxa7+ Kf6 23. Qf7+ Kg5 24. h4+ Kh6 25. Bf4+ 1-0


[Site "https://www.chess.com"]

[Event "Titled Tuesday Blitz February 07 Early 2023"]
[White "Abdilkhair, Abilmansur"]
[Black "Djokovic, Nebojsa"]
[WhiteFideId "13716417"]
[BlackFideId "938300"]
[WhiteElo "2268"]
[BlackElo "2119"]
[Result "0-1"]
[Round "06"]
[TimeControl "180+2"]
[Date "2023.02.07"]
[WhiteClock "0:00:02"]
[BlackClock "0:00:06"]

1. d4 e6 2. c4 Nf6 3. Nf3 Bb4+ 4. Nc3 O-O 5. Qb3 Bxc3+ 6. Qxc3 b6 7. Bg5 Bb7 8. Nd2 h6 9. Bh4 d6 10. f3 Nbd7 11. e4 c5 12. d5 exd5 13. cxd5 Nxe4 14. fxe4 Qxh4+ 15. Qg3 Qxg3+ 16. hxg3 Rfe8 17. O-O-O Nf6 18. Bd3 Re7 19. Nc4 Rd8 20. Rhe1 Ba6 21. e5 dxe5 22. d6 Re6 23. Nxe5 Bxd3 24. Nxd3 Rexd6 25. Kc2 Nd5 26. a3 c4 27. Nf2 Kf8 28. Re4 b5 29. Rde1 Nf6 30. R4e2 Rd4 31. Kb1 g6 32. Ka2 Rd2 33. Nh3 Rxe2 34. Rxe2 Rd3 35. Re5 a6 36. Rc5 Rxg3 37. Rc6 Nd5 38. Rxa6 Rxg2 39. Ka1 b4 40. Rd6 b3 41. Rxd5 Rg3 42. Nf2 h5 43. Nd1 h4 44. a4 h3 45. Rd2 Rg2 46. Rf2 Rg1 47. Rd2 h2 48. Rxh2 Rxd1# 0-1


[Site "https://www.chess.com"]

[Event "Titled Tuesday Blitz February 07 Early 2023"]
[White "Gutkin, Ilya"]
[Black "Royal, Shreyas"]
[WhiteFideId "16203470"]
[BlackFideId "448869"]
[WhiteElo "2273"]
[BlackElo "2438"]
[Result "1-0"]
[Round "06"]
[TimeControl "180+2"]
[Date "2023.02.07"]
[WhiteClock "0:00:04"]
[BlackClock "0:00:51"]

1. Nf3 c5 2. b3 d5 3. e3 Nc6 4. Bb2 Qc7 5. Bb5 f6 6. c4 Be6 7. d4 O-O-O 8. O-O a6 9. Bxc6 Qxc6 10. Na3 Bg4 11. Rc1 dxc4 12. Nxc4 Bxf3 13. Qxf3 Qxf3 14. gxf3 e6 15. dxc5 Kb8 16. Nb6 Nh6 17. Rfd1 Be7 18. b4 Nf7 19. Kf1 h5 20. Ke2 h4 21. Rg1 g5 22. Rcd1 Kc7 23. f4 Kc6 24. fxg5 Nxg5 25. Rxg5 fxg5 26. Bxh8 Rxh8 27. a4 a5 28. Rd7 Re8 29. b5+ Kxc5 30. Rxb7 Rd8 31. Rxe7 Kxb6 32. Rxe6+ Kc5 33. Re5+ Kb4 34. Re4+ Ka3 35. Kf3 Rf8+ 36. Kg2 Rf6 37. f3 Kb3 38. f4 g4 39. h3 g3 40. Rd4 Re6 41. e4 Kc3 42. Rd5 Rxe4 43. b6 Rxa4 44. Rb5 Ra2+ 45. Kg1 Ra1+ 46. Kg2 Ra2+ 47. Kg1 Kd3 48. Rb1 Ke3 49. b7 Kf3 50. Rf1+ Ke3 51. b8=Q Rd2 52. Qa7+ Kd3 53. Qd7+ Kc2 54. Qc6+ Kb2 55. Qb5+ Kc2 56. Qxa5 Kb2 57. Qxd2+ Ka3 58. Rf3+ 1-0


[Site "https://www.chess.com"]

[Event "Titled Tuesday Blitz February 07 Early 2023"]
[White "Dinu, Dumitru-Daniel"]
[Black "Sukandar, Irine Kharisma"]
[WhiteFideId "1208403"]
[BlackFideId "7101937"]
[WhiteElo "2203"]
[BlackElo "2390"]
[Result "0-1"]
[Round "06"]
[TimeControl "180+2"]
[Date "2023.02.07"]
[WhiteClock "0:00:17"]
[BlackClock "0:01:26"]

1. e4 c5 2. b3 e5 3. Bb2 d6 4. f4 Nc6 5. Nf3 exf4 6. Bb5 Bd7 7. O-O Nf6 8. Bxc6 Bxc6 9. e5 dxe5 10. Nxe5 Bd5 11. Nd3 Be7 12. Nxf4 O-O 13. Nxd5 Qxd5 14. Nc3 Qd4+ 15. Kh1 Bd6 16. Rb1 Qh4 17. g3 Bxg3 18. Qe2 Ng4 19. Nd5 Rae8 20. Qg2 Nxh2 21. Rf5 Nf3+ 0-1


[Site "https://www.chess.com"]

[Event "Titled Tuesday Blitz February 07 Early 2023"]
[White "Sowul, Bartosz"]
[Black "Sekar, B"]
[WhiteFideId "1137590"]
[BlackFideId "5043743"]
[WhiteElo "2269"]
[BlackElo "2333"]
[Result "1-0"]
[Round "06"]
[TimeControl "180+2"]
[Date "2023.02.07"]
[WhiteClock "0:00:21"]
[BlackClock "0:00:38"]

1. e4 e5 2. Nf3 Nc6 3. Bb5 a6 4. Bxc6 dxc6 5. O-O Bg4 6. h3 h5 7. d3 Qf6 8. Nbd2 g5 9. Re1 Bd7 10. d4 exd4 11. e5 Qg7 12. Ne4 O-O-O 13. Bxg5 Be7 14. h4 Bg4 15. Qd3 Bxg5 16. Nfxg5 Nh6 17. Nf6 Be6 18. g3 Ng4 19. Qf3 Rh6 20. Nxe6 fxe6 21. Nxg4 hxg4 22. Qe4 Rh5 23. Re2 Rd5 24. Rae1 Rf5 25. Qd3 c5 26. Re4 Rdxe5 27. Rxe5 Rxe5 28. Rxe5 Qxe5 29. Qg6 Qf5 30. Qxf5 exf5 31. h5 1-0


[Site "https://www.chess.com"]

[Event "Titled Tuesday Blitz February 07 Early 2023"]
[White "Mendez Fortes, Eduardo Jesus"]
[Black "Antonio, Jorge Carlos"]
[WhiteFideId "3502376"]
[BlackFideId "113190"]
[WhiteElo "2250"]
[BlackElo "2277"]
[Result "1-0"]
[Round "06"]
[TimeControl "180+2"]
[Date "2023.02.07"]
[WhiteClock "0:01:20"]
[BlackClock "0:00:36"]

1. e4 c5 2. Nf3 e6 3. d4 cxd4 4. Nxd4 a6 5. c4 Nc6 6. Nc3 Nf6 7. Be2 Bb4 8. Nxc6 bxc6 9. e5 Ne4 10. Qd4 Qa5 11. Bd2 Nxd2 12. Kxd2 O-O 13. Kc2 d5 14. exd6 e5 15. Qd3 f5 16. a3 e4 17. Qd2 Bxc3 18. Qxc3 Qc5 19. Rhd1 Qxf2 20. Qd2 e3 21. Qd3 f4 22. Rf1 Qxf1 23. Rxf1 Bf5 24. Bf3 Bxd3+ 25. Kxd3 Rac8 26. c5 g5 27. b4 Kg7 28. Bg4 Rcd8 29. Ke2 Kg6 30. Bf3 h5 31. Bxc6 g4 32. Rd1 a5 33. b5 Rf5 34. Be4 Kf6 35. Bxf5 Kxf5 36. Rd4 a4 37. c6 Rb8 38. c7 Rxb5 39. c8=Q+ 1-0


[Site "https://www.chess.com"]